 Dungeon Crawl Stone Soup version 0.29.1-2-gbd0b4ee654 (webtiles) character file.

Game seed: 3780686881641143536

1154 safid the Skirmisher (level 8, -2/74 HPs)
             Began as a Minotaur Hunter on Oct 25, 2022.
             Slain by a sky beast (6 damage)
             ... on level 5 of the Dungeon.
             The game lasted 00:13:22 (6684 turns).

safid the Skirmisher (Minotaur Hunter)              Turns: 6684, Time: 00:13:23

Health: -2/74      AC:  5    Str: 14 (17) XL:     8   Next: 16%
Magic:  7/7        EV: 12    Int:  4 (6)  God:
Gold:   228        SH:  5    Dex: 14 (15) Spells: 7/7 levels left

rFire   . . .      SeeInvis .   a - +0 shortbow
rCold   . . .      Faith    .   (shield currently unavailable)
rNeg    . . .      Spirit   .   c - +0 leather armour
rPois   .          Reflect  +   (helmet restricted)
rElec   .          Harm     .   (no cloak)
rCorr   .          Rampage  .   k - +1 Delatra's gloves {ID++}
Will    .....                   (no boots)
Stlth   +.........              g - amulet of reflection
HPRegen 0.22/turn               (no ring)
MPRegen 0.10/turn               (no ring)

@: no status effects
A: horns 2, retaliatory headbutt
a: no special abilities


You were on level 5 of the Dungeon.
You visited 2 branches of the dungeon, and saw 7 of its levels.

You collected 228 gold pieces.

Inventory:

Hand Weapons
 a - a +0 shortbow (weapon)
Armour
 c - a +0 leather armour (worn)
 k - the +1 Delatra's gloves (worn) {ID++}
   (You found it on level 2 of the Dungeon)

   It heals its wearer when they drink unknown potions.
   It restores its wearer's MP when they read unknown scrolls.
Jewellery
 g - an amulet of reflection (around neck)
Wands
 h - a wand of flame (11)
Scrolls
 d - a scroll of vulnerability {unknown}
 f - a scroll of fog
 l - a scroll of enchant armour
 m - a scroll of enchant weapon {unknown}
 o - a scroll of identify
 q - a scroll of blinking
 s - 2 scrolls of teleportation
 t - a scroll of summoning
Potions
 b - a potion of curing
 e - 2 potions of haste {unknown}
 i - a potion of heal wounds
 j - a potion of cancellation {unknown}
 n - 2 potions of attraction {unknown}
 r - a potion of ambrosia {unknown}


   Skills:
 - Level 8.0 Fighting
 + Level 9.2 Ranged Weapons
 - Level 2.1 Dodging
 - Level 0.7 Stealth


You had 7 spell levels left.
You didn't know any spells.
Your spell library contained the following spells:

 Spells                   Type           Power      Damage    Failure   Level
 Foxfire                  Conj/Fire      0%         2x1d4     58%         1
 Magic Dart               Conj           0%         1d3       58%         1
 Call Imp                 Summ           0%         N/A       73%         2
 Ensorcelled Hibernation  Hex/Ice        0%         N/A       73%         2
 Passwall                 Tmut/Erth      0%         N/A       73%         2
 Conjure Flame            Conj/Fire      0%         6-21      91%         3
 Gell's Gravitas          Tloc           0%         N/A       91%         3
 Inner Flame              Hex/Fire       0%         N/A       91%         3
 Lesser Beckoning         Tloc           0%         N/A       91%         3
 Mephitic Cloud           Conj/Pois/Air  0%         N/A       91%         3
 Swiftness                Air            0%         N/A       91%         3
 Teleport Other           Tloc           0%         N/A       91%         3
 Flame Wave               Conj/Fire      0%         2d4       100%        4


Dungeon Overview and Level Annotations

Branches:
Dungeon (6/15)             Temple (1/1) D:5

Altars:
Ashenzari
Dithmenos
Fedhas
Gozag
Hepliaklqana
Kikubaaqudgha
Makhleb
Nemelex Xobeh
Qazlal
Ru
Sif Muna
Trog
Vehumet
Wu Jian
Xom

Shops:
D:6 (

Annotations:
D:4 4 runed translucent doors, Godmorgon's ghost, amateur TeAE


Innate Abilities, Weirdness & Mutations

You have a pair of horns on your head.
You reflexively headbutt those who attack you in melee.


Message History

Something hits you. Something shocks you.
No target in view!
No target in view!
No target in view!
Something hits you. Something shocks you.
There is a stone staircase leading up here.
A sky beast appears from thin air!
Reactivating autopickup.
You shoot an arrow.
The arrow hits the sky beast but does no damage.
The sky beast is lightly wounded.
The sky beast flickers out of sight!
Deactivating autopickup; reactivate with Ctrl-A.
Something hits you. Something shocks you.
You are too injured to fight recklessly!
You are too injured to fight recklessly!
Something hits you but does no damage.
There is an open door here.
Something hits you. Something shocks you. Something hits you.
Something shocks you.
* * * LOW HITPOINT WARNING * * *
There is a stone staircase leading up here.
You block something's attack.
You climb upwards.
Reactivating autopickup.
There is a stone staircase leading down here.
You start resting.
Something hits you.
* * * LOW HITPOINT WARNING * * *
Something shocks you.
* * * LOW HITPOINT WARNING * * *
Deactivating autopickup; reactivate with Ctrl-A.
You clumsily bash something but do no damage.
Your headbutt misses something. Something hits you.
* * * LOW HITPOINT WARNING * * *
Something shocks you.
* * * LOW HITPOINT WARNING * * *
Something hits you.
* * * LOW HITPOINT WARNING * * *
Something shocks you.
You die...

.#####...# #.##.# ##...### ##
#...# #.##.# #....##DO ##
######...#####.##.####...## .s.#.
.....................#...# .$##
###........##..####.##...#######
#...รท.###.##..####.###'###.#.#
#....####.##..#....###..###..#
#.#.#............#.....## ##.#
#.#...........#@...####.###.##
##.###.###)##.###...# ##.#.##
.#.....# #.##.# ###.# ##.##
....#### #.##.# #.# #.# #
.##.######.##.#####.######.######
.......(...##....................
..............#####......########
############### ########


There were no monsters in sight!

Vanquished Creatures
  Duvessa (D:4)
  Blork the orc (D:5)
  3 phantoms
  A gnoll sergeant (D:5)
  Dowan (D:4)
  A howler monkey (D:3)
  4 jellies
  2 orc priests (D:4)
  2 hounds
  3 orc wizards
  Natasha (thrice) (D:3)
  Robin (D:4)
  3 gnolls
  8 adders
  A shadow imp (D:5)
  A white imp (D:4)
  An ufetubus (D:4)
  2 worms
  10 orcs
  4 ball pythons
  7 endoplasms
  A giant cockroach (D:2)
  14 goblins
  11 hobgoblins
  4 jackals
  7 quokkas
  5 bats
  A frilled lizard (D:3)
  4 kobolds
  2 rats (D:1)
109 creatures vanquished.

Notes
Turn   | Place    | Note
-------+----------+-------------------------------------------
     0 | D:1      | safid the Minotaur Hunter began the quest for the Orb.
     0 | D:1      | Reached XP level 1. HP: 18/18 MP: 0/0
   323 | D:1      | Reached XP level 2. HP: 25/25 MP: 1/1
   800 | D:2      | Found a faded altar of an unknown god.
  1327 | D:2      | Reached skill level 5 in Ranged Weapons
  1327 | D:2      | Reached XP level 3. HP: 31/31 MP: 2/2
  1383 | D:2      | Found the +1 Delatra's gloves {ID++}
  1843 | D:3      | Noticed Natasha
  1850 | D:3      | Killed Natasha
  1851 | D:3      | Reached XP level 4. HP: 29/40 MP: 3/3
  1902 | D:3      | Noticed Natasha
  1906 | D:3      | Killed Natasha
  2004 | D:3      | Noticed Natasha
  2010 | D:3      | Killed Natasha
  2011 | D:3      | Reached XP level 5. HP: 41/47 MP: 4/4
  2464 | D:3      | Reached skill level 5 in Fighting
  2464 | D:3      | Reached skill level 6 in Ranged Weapons
  2647 | D:4      | Noticed Duvessa
  2648 | D:4      | Noticed Dowan
  2738 | D:4      | Found a large runed translucent door.
  2739 | D:4      | Found a large runed translucent door.
  2759 | D:4      | Reached XP level 6. HP: 34/57 MP: 5/5
  3082 | D:4      | Noticed Robin
  3100 | D:4      | Killed Robin
  3564 | D:4      | Reached skill level 7 in Ranged Weapons
  3704 | D:4      | Killed Duvessa
  3705 | D:4      | Reached XP level 7. HP: 40/64 MP: 6/6
  3724 | D:4      | HP: 3/96 [Dowan/stone arrow (20)]
  3727 | D:4      | Killed Dowan
  4057 | D:4      | Found a large runed translucent door.
  4099 | D:4      | Found a large runed translucent door.
  4123 | D:4      | Noticed Godmorgon's ghost (amateur TeAE)
  4141 | D:5      | Entered Level 5 of the Dungeon
  4202 | D:5      | Noticed a two-headed ogre
  4203 | D:5      | Noticed a steam dragon
  4311 | D:5      | Found the +3 woodcutter's axe {vorpal}
  4313 | D:5      | Noticed Blork the orc
  4479 | D:5      | Killed Blork the orc
  4794 | D:5      | Reached skill level 8 in Ranged Weapons
  5182 | D:5      | Found a staircase to the Ecumenical Temple.
  5789 | D:5      | Reached XP level 8. HP: 67/74 MP: 7/7
  5924 | Temple   | Entered the Ecumenical Temple
  6362 | D:6      | Reached skill level 9 in Ranged Weapons
  6584 | D:6      | Found Muneqeb's Weapon Boutique.
  6587 | D:6      | Found a sparkling altar of Nemelex Xobeh.
  6684 | D:5      | Slain by a sky beast

Illustrated notes

Levels and vault maps discovered:
D:1:      lemuel_arrival_river_ford, layout_basic, hangedman_decor_riveting
D:2:      layout_loops_ring, basic_ecumenical_altar, pf_guarded_unrand_delatra
D:3:      layout_basic, serial_curves, eino_curves_04, eino_curves_04,
          uniq_natasha
D:4:      layout_rooms, jmf_multi_god_temple2, ebering_ghost_disaster_area,
          serial_park_tiny_1, uniq_robin, uniq_duvessa
D:5:      layout_loops_ring, minmay_temple_entry_glassed_door, chequers_jeans,
          lightli_corner_chamber, uniq_blork_the_orc
D:6:      layout_gridville, mainiacjoe_overflow_brackets, serial_shops, shop,
          minmay_fountain_box
Temple:   nicolae_temple_bog_church

Skill      XL: |  1  2  3  4  5  6  7  8 |
---------------+-------------------------+-----
Fighting       | 3 4 5 6 8 |  8.0
Ranged Weapons | 5 6 7 8 9 |  9.2
Dodging        | |  2.1
Stealth        | |  0.7

Action                   |  1- 3 |  4- 6 |  7- 9 || total
-------------------------+-------+-------+-------++-------
Melee: Shortbow          |       |       |     1 ||     1
 Fire: Shortbow          |   103 |   205 |   184 ||   492
  Use: Potion            |     1 |       |     4 ||     5
       Scroll            |       |       |     8 ||     8
Armor: Leather armour    |     7 |    29 |    35 ||    71
       Skin              |    23 |       |     3 ||    26
Dodge: Dodged            |    11 |    66 |    74 ||   151
Block: Other             |     1 |    30 |    37 ||    68
